 Dungeon Crawl Stone Soup version 0.29.1-15-g9cfb28693d (webtiles) character file.

Game seed: 9036109703253812666

18330 Eitelfritz the Severer (level 12, -7/97 HPs)
             Began as a Hill Orc Fighter on Apr 15, 2023.
             Was an Elder of Hepliaklqana.
             Mangled by Snorg (16 damage)
             ... on level 11 of the Dungeon.
             The game lasted 00:29:23 (12059 turns).

Eitelfritz the Severer (Hill Orc Fighter)          Turns: 12059, Time: 00:29:24

Health: -7/97      AC: 22    Str: 30    XL:     12   Next: 57%
Magic:  0/15       EV: 12    Int:  8    God:    Hepliaklqana [****..]
Gold:   283        SH:  6    Dex: 12    Spells: 11/11 levels left

rFire   + . .      SeeInvis .   a - +0 broad axe (flame)
rCold   . . .      Faith    .   c - +0 buckler
rNeg    . . .      Spirit   +   S - +0 acid dragon scales
rPois   .          Reflect  .   k - +2 helmet
rElec   +          Harm     .   Q - +0 cloak
rCorr   +          Rampage  .   o - +0 pair of gloves of the Floral God {rElec Str+6}
Will    +....                   q - +2 pair of boots "Naumut" {rF+ Dex+2}
Stlth   ++........              p - amulet of guardian spirit
HPRegen 0.26/turn               s - ring of willpower
MPRegen 0.14/turn               x - +4 ring of protection

@: hasted, very quick
A: reduced essence
a: Renounce Religion, Recall Ancestor, Ancestor Identity, Transference, Idealise


You were on level 11 of the Dungeon.
You worshipped Hepliaklqana.
Hepliaklqana was greatly pleased with you.
You visited 2 branches of the dungeon, and saw 13 of its levels.
You also visited: Bailey.

You collected 584 gold pieces.
You spent 301 gold pieces at shops.

Inventory:

Hand Weapons
 a - a +0 broad axe of flaming (weapon)
 z - the +8 whip of the Final Chapter {holy, rPois rCorr Dex-2 SInv}
   (You found it on level 4 of the Dungeon)

   It has been blessed by the Shining One to cause great damage to the undead
   and demons.
   Dex:       It affects your dexterity (-2).
   rPois:     It protects you from poison.
   SInv:      It lets you see invisible.
   rCorr:     It protects you from acid and corrosion.
 C - a +0 broad axe
Missiles
 e - 29 poisoned darts (quivered)
 A - 6 boomerangs
 F - 2 throwing nets
Armour
 c - a +0 buckler (worn)
 k - a +2 helmet (worn)
 o - the +0 pair of gloves of the Floral God (worn) {rElec Str+6}
   (You acquired it on level 6 of the Dungeon)

   Str:       It affects your strength (+6).
   rElec:     It insulates you from electricity.
 q - the +2 pair of boots "Naumut" (worn) {rF+ Dex+2}
   (You found it on level 3 of the Dungeon)

   Dex:       It affects your dexterity (+2).
   rF:        It protects you from fire.
 H - a +0 plate armour
 Q - a +0 cloak (worn)
 S - +0 acid dragon scales (worn)
Jewellery
 i - an amulet of faith
 l - a ring of magical power
 p - an amulet of guardian spirit (around neck)
 s - a ring of willpower (left hand)
 x - a +4 ring of protection (right hand)
 I - an amulet of magic regeneration
 N - a +6 ring of intelligence
 T - a ring of poison resistance
 V - a +4 ring of evasion
Wands
 w - a wand of roots (16)
 y - a wand of polymorph (5)
 K - a wand of paralysis (10)
 O - a wand of mindburst (7)
 P - a wand of acid (3)
 W - a wand of flame (2)
Scrolls
 f - 3 scrolls of teleportation
 j - a scroll of enchant weapon
 m - 2 scrolls of butterflies
 u - a scroll of magic mapping
 G - 2 scrolls of fear
 L - a scroll of enchant armour
 R - a scroll of brand weapon {unknown}
Potions
 b - 2 potions of degeneration
 d - 3 potions of haste
 g - 5 potions of lignification
 h - a potion of might
 r - 2 potions of flight
 t - 6 potions of curing
 v - 2 potions of mutation
 B - 3 potions of brilliance
 D - 2 potions of attraction
 E - a potion of magic
 J - a potion of resistance {unknown}
 U - a potion of cancellation {unknown}
Miscellaneous
 M - a condenser vane


   Skills:
 + Level 10.8 Fighting
 + Level 16.2 Axes
 + Level 2.5 Throwing
 + Level 10.4 Armour
 + Level 4.6 Dodging
 + Level 2.3 Stealth
 + Level 8.1 Shields
 + Level 4.8 Invocations
 + Level 3.6 Evocations


You had 11 spell levels left.
You didn't know any spells.
Your spell library contained the following spells:

 Spells                   Type           Power      Damage    Failure   Level
 Apportation              Tloc           0%         N/A       54%         1
 Magic Dart               Conj           0%         1d3       54%         1
 Call Imp                 Summ           0%         N/A       67%         2
 Call Canine Familiar     Summ           0%         N/A       88%         3
 Confusing Touch          Hex            0%         N/A       88%         3
 Mephitic Cloud           Conj/Pois/Air  0%         N/A       88%         3
 Ozocubu's Armour         Ice            0%         N/A       88%         3
 Portal Projectile        Hex/Tloc       0%         N/A       88%         3
 Stone Arrow              Conj/Erth      0%         3d7       88%         3
 Animate Armour           Summ/Erth      0%         N/A       99%         4
 Fulminant Prism          Conj/Hex       0%         3d6       99%         4
 Iskenderun's Mystic Bla  Conj/Tloc      0%         2d3       99%         4
 Leda's Liquefaction      Hex/Erth       0%         N/A       99%         4
 Olgreb's Toxic Radiance  Pois           0%         N/A       99%         4
 Alistair's Intoxication  Tmut/Pois      0%         N/A       100%        5
 Lee's Rapid Deconstruct  Erth           0%         3d5*      100%        5
 Metabolic Englaciation   Hex/Ice        0%         N/A       100%        5
 Yara's Violent Unravell  Hex/Tmut       0%         3d3       100%        5
 Simulacrum               Ice/Necr       0%         N/A       100%        6
 Enfeeble                 Hex            0%         N/A       100%        7
 Ozocubu's Refrigeration  Ice            0%         4d7       100%        7
 Ignition                 Fire           0%         3d3       100%        8
 Lehudib's Crystal Spear  Conj/Erth      0%         10d2      100%        8


Dungeon Overview and Level Annotations

Branches:
Dungeon (12/15)            Temple (1/1) D:4            Lair (0/5) D:10
    Orc (0/2) D:11         Bailey (visited)

Altars:
Ashenzari
Cheibriados
Dithmenos
Elyvilon
Fedhas
Gozag
Hepliaklqana
Kikubaaqudgha
Makhleb
Nemelex Xobeh
Okawaru
Qazlal
Ru
Sif Muna
Trog
Uskayaw
Vehumet
Wu Jian
Xom
Yredelemnul
Zin
The Shining One

Shops:
D:5 :   D:7 (   D:8 :   D:10 *

Annotations:
D:11 Snorg


Message History

Snorg bites you! Snorg claws you! Snorg closely misses you.
You swap places.
Snorg bites Zoran!!
Zoran is destroyed!
You completely miss Snorg.
Snorg is lightly wounded.
Snorg barely misses you. Snorg claws you but does no damage.
You block Snorg's attack.
You hit Snorg. You burn Snorg.
Snorg is lightly wounded.
Snorg bites you. Snorg claws you! Snorg claws you but does no damage.
You hit Snorg. You burn Snorg.
Snorg is lightly wounded.
Snorg bites you but does no damage. Snorg closely misses you.
You block Snorg's attack. Snorg bites you but does no damage.
Snorg barely misses you. Snorg claws you.
You slice Snorg!! You burn Snorg.
Snorg is moderately wounded.
Snorg bites you. Snorg claws you but does no damage. Snorg claws you!
You slice Snorg!! You burn Snorg!
Snorg is heavily wounded.
Snorg barely misses you. You block Snorg's attack. Snorg barely misses you.
You hit Snorg. You burn Snorg.
Snorg is heavily wounded.
Snorg bites you!
* * * LOW HITPOINT WARNING * * *
Snorg barely misses you. Snorg misses you.
You barely miss Snorg.
Snorg is heavily wounded.
Snorg bites you!
* * * LOW HITPOINT WARNING * * *
Snorg claws you.
* * * LOW HITPOINT WARNING * * *
Snorg claws you but does no damage.
You feel much better. Snorg bites you!!
* * * LOW HITPOINT WARNING * * *
You block Snorg's attack. Snorg closely misses you.
Snorg bites you but does no damage. Snorg barely misses you. Snorg claws you!
* * * LOW HITPOINT WARNING * * *
You feel yourself speed up. Snorg bites you!
You die...

....# ##...#.# #.)########
##..####......# ###........#
#....##..##### ##...)###...#
#.......## ######..##.)...###
##......#####......#####...#
###......#.....##########.#.#
......##...##### #..[...#.#####
###.........########.####..^....#
###....##....)>T@.....###.......#
.....#.###.##.#######...........#
..............# #####.......#
....###.####.## #.......# #####
#.R###.# ##.####### # ##.....##
#..# # #####..### #.## # #.....#
##.# #.....#### #>.#


You could see Snorg (berserk).

Vanquished Creatures
  A vault guard (Bailey)
  A boulder beetle (D:11)
  A two-headed ogre (D:9)
  A tengu warrior (D:8)
  Pikel (D:5)
  An ugly thing (D:11)
  A cyclops (D:8)
  3 gargoyles
  The ghost of vvl the Shooter, a novice HuHu (D:4)
  2 kobold demonologists
  A hornet (D:9)
  A wyvern (D:7)
  Sigmund (D:3)
  2 yaks (D:10)
  A wraith (D:10)
  Eustachio (D:5)
  2 steam dragons (D:7)
  4 humans (Bailey)
  The ghost of rlgrobin the Shooter, an amateur DsHu of Fedhas (D:4)
  Edmund (D:5)
  2 acid dragons
  A sky beast (D:8)
  2 orc warriors
  An ice beast (D:7)
  A black bear (D:5)
  4 ogres
  2 lemures (D:5)
  3 kobold brigands
  2 necrophages
  11 bullfrogs
  2 gnoll sergeants
  5 scorpions
  3 wights (D:8)
  5 killer bees (D:9)
  A hound (D:7)
  Jessica (D:3)
  5 iguanas
  Natasha (thrice) (D:2)
  10 orc wizards
  Robin (D:2)
  14 gnolls
  4 adders
  A shadow imp (D:7)
  A white imp (D:5)
  A worm (D:2)
  3 dart slugs (D:1)
  19 orcs
  6 endoplasms
  2 giant cockroaches
  17 goblins
  15 hobgoblins
  20 kobolds
  3 quokkas
  5 ball pythons
  12 bats
  4 frilled lizards
  4 rats
224 creatures vanquished.

Vanquished Creatures (collateral kills)
  A vault guard (Bailey)
  A two-headed ogre (D:8)
  The ghost of rlgrobin the Thaumaturge, a novice DEEE of Vehumet (D:5)
  Prince Ribbit (Bailey)
  3 yaks (D:10)
  2 humans (Bailey)
  A shadow (D:10)
  2 steam dragons
  An acid dragon (D:9)
  An orc warrior (D:10)
  An ice beast (D:6)
  A centaur (D:9)
  A kobold brigand (D:9)
  7 bullfrogs
  3 gnoll sergeants
  A wight (D:8)
  4 orc priests
  2 orc wizards
  8 gnolls
  An adder (D:6)
  A white imp (D:7)
  4 orcs
  2 goblins
  5 kobolds
55 creatures vanquished.

Vanquished Creatures (others)
  4 battlemagi
  3 ancestors
  A demonic plant (D:1)
  3 fungi (D:1)
  4 plants (D:1)
  5 withered plants (D:4)
20 creatures vanquished.

Grand Total: 299 creatures vanquished

Notes
Turn   | Place    | Note
-------+----------+-------------------------------------------
     0 | D:1      | Eitelfritz the Hill Orc Fighter began the quest for the
                  | Orb.
     0 | D:1      | Reached XP level 1. HP: 19/19 MP: 1/1
    80 | D:1      | Reached XP level 2. HP: 27/27 MP: 2/2
   651 | D:1      | Reached skill level 3 in Axes
   651 | D:1      | Reached XP level 3. HP: 28/33 MP: 3/3
   717 | D:1      | Found a faded altar of an unknown god.
  1247 | D:2      | Noticed Natasha
  1253 | D:2      | Killed Natasha
  1254 | D:2      | Reached XP level 4. HP: 40/41 MP: 4/4
  1286 | D:2      | Reached skill level 4 in Axes
  1366 | D:2      | Noticed Natasha
  1372 | D:2      | Killed Natasha
  1373 | D:2      | Reached XP level 5. HP: 22/47 MP: 5/5
  1470 | D:2      | Noticed Robin
  1557 | D:2      | Killed Robin
  1764 | D:2      | Noticed Natasha
  1778 | D:2      | Killed Natasha
  1779 | D:2      | Reached skill level 5 in Axes
  2264 | D:3      | Noticed Sigmund
  2296 | D:3      | Identified the +2 pair of boots "Naumut" {rF+ Dex+2}
  2656 | D:4      | Found a staircase to the Ecumenical Temple.
  2667 | Temple   | Entered the Ecumenical Temple
  2688 | Temple   | Became a worshipper of Hepliaklqana the Forgotten
  2812 | D:4      | Noticed an ogre
  3068 | D:3      | Killed Sigmund
  3069 | D:3      | Reached skill level 5 in Fighting
  3069 | D:3      | Reached skill level 6 in Axes
  3069 | D:3      | Reached XP level 6. HP: 37/56 MP: 3/6
  3097 | D:4      | Reached XP level 7. HP: 34/61 MP: 5/7
  3249 | D:3      | Noticed Jessica
  3262 | D:3      | Killed Jessica
  3263 | D:3      | Reached skill level 1 in Dodging
  3654 | D:4      | Found a runed translucent gate.
  3654 | D:4      | Found a runed translucent gate.
  3654 | D:4      | Found a runed translucent gate.
  3655 | D:4      | Noticed rlgrobin's ghost (amateur DsHu)
  3655 | D:4      | Noticed vvl's ghost (novice HuHu)
  3734 | D:4      | Reached skill level 7 in Axes
  3734 | D:4      | Reached skill level 5 in Armour
  4151 | D:4      | Identified the +8 whip of the Final Chapter {holy, rPois
                  | rCorr Dex-2 SInv}
  4320 | D:5      | Entered Level 5 of the Dungeon
  4338 | D:5      | Noticed Edmund
  4367 | D:5      | Killed Edmund
  4631 | D:5      | Noticed Pikel
  4644 | D:5      | Killed Pikel
  4645 | D:5      | Reached skill level 8 in Axes
  4645 | D:5      | Reached skill level 1 in Throwing
  4645 | D:5      | Reached XP level 8. HP: 53/70 MP: 6/8
  4845 | D:5      | Found a snail-covered altar of Cheibriados.
  4847 | D:5      | Found a sparkling altar of Nemelex Xobeh.
  4882 | D:5      | Reached skill level 9 in Axes
  4985 | D:5      | Noticed Eustachio
  5010 | D:5      | Killed Eustachio
  5136 | D:5      | Reached * piety under Hepliaklqana
  5266 | D:5      | Reached XP level 9. HP: 70/70 MP: 9/9
  5286 | D:5      | Found Zagongof's Book Shoppe.
  5321 | D:5      | Reached skill level 10 in Axes
  5330 | D:5      | Found a runed translucent door.
  5828 | D:5      | Noticed rlgrobin's ghost (novice DEEE)
  5843 | D:5      | Killed rlgrobin's ghost
  5844 | D:5      | Reached skill level 1 in Stealth
  5962 | D:4      | Killed rlgrobin's ghost
  5963 | D:4      | Reached skill level 5 in Shields
  5971 | D:4      | Killed vvl's ghost
  6214 | D:6      | Reached skill level 11 in Axes
  6774 | D:6      | Reached skill level 12 in Axes
  7328 | D:6      | Identified a scroll of acquirement
  7328 | D:6      | Acquired the +0 pair of gloves of the Floral God {rElec
                  | Str+6}
  7376 | D:6      | Reached skill level 13 in Axes
  7376 | D:6      | Reached XP level 10. HP: 81/81 MP: 9/13
  7424 | D:7      | Found a shimmering altar of Xom.
  7507 | D:7      | Reached XP level 11. HP: 18/85 MP: 14/14
  7572 | D:7      | Reached ** piety under Hepliaklqana
  7580 | D:7      | Remembered your ancestor Zoran as a battlemage
  7668 | D:7      | Found a flagged portal.
  7786 | Bailey   | Entered a bailey
  7947 | Bailey   | Noticed Prince Ribbit
  7947 | Bailey   | Noticed a vault guard
  7950 | Bailey   | Killed Prince Ribbit
  7951 | Bailey   | Reached skill level 14 in Axes
  7959 | Bailey   | Killed a vault guard
  8054 | Bailey   | Noticed a vault guard
  8071 | Bailey   | Killed a vault guard
  8358 | D:7      | Found a blossoming altar of Fedhas.
  8660 | D:7      | Found Uneucvut's Antique Weapon Shop.
  8663 | D:7      | Bought a glowing broad axe for 196 gold pieces
  8843 | D:8      | Noticed a tengu warrior
  8843 | D:8      | Found a snail-covered altar of Cheibriados.
  8863 | D:8      | Killed a tengu warrior
  8967 | D:8      | Noticed a two-headed ogre
  8975 | D:8      | Killed a two-headed ogre
  8976 | D:8      | Reached skill level 15 in Axes
  9042 | D:8      | Noticed a cyclops
  9054 | D:8      | Killed a cyclops
  9064 | D:8      | Found a snail-covered altar of Cheibriados.
  9170 | D:8      | Found Vesurgh's Book Emporium.
  9459 | D:9      | Found a broken altar of Ashenzari.
  9469 | D:9      | Reached XP level 12. HP: 94/95 MP: 15/15
  9683 | D:9      | Reached skill level 10 in Fighting
  9754 | D:9      | Noticed a two-headed ogre
  9834 | D:9      | Killed a two-headed ogre
 10098 | D:9      | Reached *** piety under Hepliaklqana
 10207 | D:9      | Found an opulent altar of Gozag.
 10250 | D:10     | Entered Level 10 of the Dungeon
 10280 | D:10     | Found a staircase to the Lair.
 10506 | D:10     | Found Ipog's General Store.
 10535 | D:10     | Reached skill level 10 in Armour
 10640 | D:10     | Bought a scroll of enchant weapon for 105 gold pieces
 10686 | D:10     | Found a shimmering blue altar of Sif Muna.
 11404 | D:11     | Noticed a boulder beetle
 11416 | D:11     | Killed a boulder beetle
 11417 | D:11     | Reached skill level 16 in Axes
 11497 | D:11     | Found a staircase to the Orcish Mines.
 11573 | D:11     | Reached **** piety under Hepliaklqana
 11999 | D:12     | Noticed Snorg
 12059 | D:11     | Mangled by Snorg

Illustrated notes

Levels and vault maps discovered:
D:1:      dpeg_arrival_erosion, layout_basic, shapermc_ecumenical_altar_gd,
          st_stairs_5
D:2:      layout_loops_cross, uniq_natasha, uniq_robin
D:3:      layout_rooms, uniq_jessica, uniq_sigmund
D:4:      layout_cave_pods, minmay_temple_entry_trees, gammafunk_ghost_cemetery
D:5:      layout_basic, gammafunk_temple_overflow_pools, serial_shops,
          nicolae_inconvenience_store, ebering_ghost_reflecting_pool,
          corexii_leaking_fountain, uniq_eustachio, uniq_pikel, uniq_edmund
D:6:      layout_gridville
D:7:      layout_loops_ring, fedhas_ov_isle_minmay,
          mainiacjoe_overflow_tiny_flanked, enter_bailey_5, serial_shops,
          kennysheep_mini_moat, chequers_serial_rivers_large_a
D:8:      layout_rooms, minmay_misc_feat_iff, hangedman_feature_mirror,
          nicolae_take_the_stairs, minmay_misc_feat_four_crosses
D:9:      layout_rooms, mainiacjoe_overflow_small_starburst,
          mainiacjoe_overflow_alcove_4, minmay_puff
D:10:     layout_cave_pods, lemuel_tele_altar, lair_entry_dummy, serial_shops,
          shop
D:11:     layout_rooms, orc_0_dummy
D:12:     layout_loops_ring, nzn_ghost_randoct, uniq_snorg
Temple:   eino_wide_crystal_templ

Skill      XL: |  1  2  3  4  5  6  7  8  9 10 11 12 |
---------------+-------------------------------------+-----
Fighting       | 4 5 6 8 9 10 | 10.8
Axes           | 3 4 6 8 9 13 15 16 | 16.2
Armour         | 4 5 6 8 9 10 | 10.4
Shields        | 4 6 7 8 |  8.1
Dodging        | 1 2 4 |  4.6
Throwing       | 1 2 |  2.5
Stealth        | 1 2 |  2.3
Invocations    | 4 |  4.8
Evocations     | 3 |  3.6

Action                   |  1- 3 |  4- 6 |  7- 9 | 10-12 || total
-------------------------+-------+-------+-------+-------++-------
Melee: War axe           |    70 |   112 |   226 |   124 ||   532
       Broad axe         |       |       |       |   167 ||   167
Throw: Dart              |       |     5 |    10 |     4 ||    19
Invok: Ancestor Life: Ba |       |       |       |     1 ||     1
  Use: Potion            |       |     1 |     1 |     2 ||     4
       Scroll            |       |       |    20 |     3 ||    23
 Stab: Distracted        |       |       |       |     4 ||     4
Armor: Scale mail        |    30 |    61 |   126 |       ||   217
       Chain mail        |       |       |       |   132 ||   132
       Acid dragon scale |       |       |       |    13 ||    13
Dodge: Dodged            |    36 |    68 |    99 |   139 ||   342
Block: Buckler           |    16 |    41 |    56 |    78 ||   191
